 Dungeon Crawl Stone Soup version 0.22-a0-567-gff9aefc (webtiles) character file.

2341 Gildeon the Magician (level 9, -3/45 HPs)
             Began as a Deep Elf Conjurer on June 29, 2018.
             Was a Follower of Sif Muna.
             Slain by a large slime creature (7 damage)
             ... on level 7 of the Dungeon.
             The game lasted 01:01:10 (7856 turns).

Gildeon the Magician (Deep Elf Conjurer)            Turns: 7856, Time: 01:01:11

Health: -3/45      AC:  8    Str:  5    XL:     9   Next: 20%
Magic:  0/20       EV: 15    Int: 24    God:    Sif Muna [*.....]
Gold:   447        SH:  0    Dex: 18    Spells: 2/20 levels left

rFire    + . .     SeeInvis .   y - +2 dagger (venom)
rCold    . . .     Gourm    .   (no shield)
rNeg     . . .     Faith    .   t - +1 robe "Lanteng" {rF+ Dex+3 Stlth+}
rPois    .         Spirit   .   s - +2 helmet
rElec    .         Reflect  .   (no cloak)
rCorr    +         Harm     .   i - +0 pair of gloves
MR       .....                  o - +0 pair of boots
Stlth    ++++......             (no amulet)
HPRegen  0.15/turn              k - ring of resist corrosion
MPRegen  0.17/turn              (no ring)

@: no status effects
A: wild magic 1, no potion heal 1
a: Divine Energy, Renounce Religion


You were on level 7 of the Dungeon.
You worshipped Sif Muna.
Sif Muna was aware of your devotion.
You were not hungry.

You visited 2 branches of the dungeon, and saw 8 of its levels.

You collected 447 gold pieces.

Inventory:

Hand Weapons
 u - a +2 dagger of protection
 y - a +2 dagger of venom (weapon)
Armour
 i - a +0 pair of gloves (worn)
 o - a +0 pair of boots (worn)
 q - a +2 robe of positive energy
 s - a +2 helmet (worn)
 t - the +1 robe "Lanteng" (worn) {rF+ Dex+3 Stlth+}
   (You found it on level 4 of the Dungeon)

   It affects your dexterity (+3).
   It protects you from fire.
   It makes you more stealthy.
Jewellery
 k - a ring of resist corrosion (left hand)
Wands
 d - a wand of disintegration (12)
 j - a wand of acid (8)
Scrolls
 l - a scroll of amnesia {unknown}
 m - 5 scrolls of teleportation
 D - 2 scrolls of remove curse
Potions
 a - 3 potions of heal wounds
 b - a potion of resistance
 e - 4 potions of flight
 f - 4 potions of curing
 h - 2 potions of haste
 r - 3 potions of berserk rage {unknown}
 v - 2 potions of lignification {unknown}
 z - a potion of agility {unknown}
Comestibles
 c - 33 rations
 g - 2 chunks of flesh


   Skills:
 + Level 4.9 Short Blades
 - Level 5.0 Dodging
 - Level 5.2 Stealth
 - Level 6.1 Spellcasting
 - Level 5.0 Conjurations
 - Level 5.0 Hexes
 + Level 4.9 Translocations
 - Level 5.0 Invocations
 + Level 4.0 Evocations


You had 2 spell levels left.
You knew the following spells:

 Your Spells              Type           Power        Failure   Level  Hunger
a - Magic Dart            Conj           ####         2%          1    None
b - Searing Ray           Conj           #####.       3%          2    None
c - Dazzling Spray        Conj/Hex       #####.       5%          3    #......
d - Iskenderun's Mystic   Conj           #####...     14%         4    ###....
e - Fulminant Prism       Conj/Hex       #####.....   14%         4    ###....
f - Force Lance           Conj/Tloc      #####...     14%         4    ###....

Your spell library contained the following spells:

 Spells                   Type           Power        Failure   Level  Hunger


Dungeon Overview and Level Annotations

Branches:
Dungeon (7/15)             Temple (1/1) D:4

Altars:
Ashenzari
Cheibriados
Dithmenos
Elyvilon
Fedhas
Gozag
Hepliaklqana
Kikubaaqudgha
Makhleb
Nemelex Xobeh
Okawaru
Qazlal
Ru
Sif Muna
Trog
Uskayaw
Vehumet
Xom
Yredelemnul
Zin
The Shining One
Lugonu


Innate Abilities, Weirdness & Mutations

Your spells are a little harder to cast, but a little more powerful.
Potions are less effective at restoring your health.


Message History

The large slime creature is almost dead.
You finish channeling your searing ray.
The large slime creature misses you.
Casting: Searing Ray (safe; 3% risk of failure)
Confirm with . or Enter, or press ? or * to list all spells.
Aiming: Searing Ray (safe; 3% risk of failure)
Press: ? - help, Shift-Dir - straight line, f/p - large slime creature
Aim: a large slime creature (severely wounded)
The searing ray hits the large slime creature.
The large slime creature is almost dead. (Press . to maintain the ray.)
The large slime creature hits you!!
Ouch! That really hurt!
* * * LOW HITPOINT WARNING * * *
The searing ray hits the large slime creature.
The large slime creature is almost dead.
The large slime creature hits you.
* * * LOW HITPOINT WARNING * * *
Without enough magic to sustain it, your searing ray dissipates.
The large slime creature hits you!
You die...

#.##>...........................
#.##.######......########..#.#.#
##'##.# #......# #......# ....#.#
#......# #####.## ....#.#
#......# #.#. ......# ########
#.#. ...#### #.#. .....#
********### #.#. ...#.#
#......##@####### #.## .###.#
#......#J#.#....#######'## .# #.#
#......#.#.#.....##....... .# #.#
#.P..P.#.#'#......'.(..... .# #.#
#......#.#.......)'(......
^###.###....P.#.#........')#.....
......##......#÷#.......##.##....
.###..##...JJ.J##......##########
####..##÷.....########## #.......


You could see a large slime creature and a jelly (wandering).

Vanquished Creatures
  Edmund (D:6)
  A sky beast (D:6)
  An ice beast (D:5)
  4 ogres
  A phantom (D:4)
  3 big kobolds (D:7)
  3 bullfrogs
  3 howler monkeys
  A bullfrog zombie (D:7)
  2 crimson imps (D:7)
  4 jellies
  5 orc priests
  4 hounds
  2 centaur skeletons (D:6)
  A centaur zombie (D:5)
  2 bullfrog skeletons (D:4)
  6 orc wizards
  A worker ant (D:5)
  2 hound skeletons (D:5)
  7 adders
  3 gnolls (D:6)
  A shadow imp (D:6)
  2 oozes
  2 adder zombies
  4 worms
  2 dart slugs (D:1)
  5 leopard geckos
  28 orcs
  2 bats (D:3)
  5 giant cockroaches
  9 goblins
  13 hobgoblins
  8 jackals
  A quokka (D:2)
  3 ball pythons
  3 frilled lizards
  A jackal skeleton (D:6)
  19 kobolds
  A quokka zombie (D:5)
  8 rats
174 creatures vanquished.

Vanquished Creatures (others)
  4 fungi (D:7)
  10 toadstools (D:7)
14 creatures vanquished.

Grand Total: 188 creatures vanquished

Notes
Turn   | Place    | Note
-------+----------+-------------------------------------------
     0 | D:1      | Gildeon the Deep Elf Conjurer began the quest for the Orb.
     0 | D:1      | Reached XP level 1. HP: 10/10 MP: 6/6
   510 | D:1      | Reached XP level 2. HP: 15/15 MP: 5/8
   632 | D:1      | Learned a level 2 spell: Searing Ray
  1295 | D:2      | Reached XP level 3. HP: 19/19 MP: 3/10
  1300 | D:2      | Learned a level 3 spell: Dazzling Spray
  1714 | D:3      | Reached skill level 4 in Spellcasting
  1799 | D:3      | Reached skill level 5 in Conjurations
  1901 | D:3      | Reached XP level 4. HP: 22/24 MP: 3/12
  1907 | D:3      | Learned a level 4 spell: Iskenderun's Mystic Blast
  1986 | D:3      | Reached skill level 1 in Hexes
  2166 | D:3      | Reached XP level 5. HP: 22/28 MP: 10/14
  2203 | D:3      | Found a blossoming altar of Fedhas.
  2699 | D:3      | Found a glowing silver altar of Zin.
  2704 | D:3      | Found a glowing golden altar of the Shining One.
  2708 | D:3      | Found an opulent altar of Gozag.
  2708 | D:3      | Found a white marble altar of Elyvilon.
  2711 | D:3      | Found a radiant altar of Vehumet.
  2712 | D:3      | Found a burning altar of Makhleb.
  2858 | D:4      | Found a staircase to the Ecumenical Temple.
  2875 | Temple   | Entered the Ecumenical Temple
  2892 | Temple   | Became a worshipper of Sif Muna the Loreminder
  3052 | D:4      | Reached skill level 5 in Spellcasting
  3160 | D:4      | Learned a level 4 spell: Fulminant Prism
  3165 | D:4      | Noticed a phantom
  3172 | D:4      | Killed a phantom
  3172 | D:4      | Reached skill level 5 in Stealth
  3172 | D:4      | Reached XP level 6. HP: 29/32 MP: 7/15
  3208 | D:4      | Got a warped robe
  3489 | D:4      | Reached skill level 1 in Invocations
  3878 | D:4      | Reached XP level 7. HP: 27/36 MP: 10/16
  4138 | D:4      | Reached skill level 5 in Hexes
  4178 | D:5      | Entered Level 5 of the Dungeon
  4367 | D:5      | Reached skill level 5 in Dodging
  4685 | D:5      | Reached * piety under Sif Muna
  4685 | D:5      | Reached skill level 1 in Short Blades
  4783 | D:5      | Identified the +1 robe "Lanteng" {rF+ Dex+3 Stlth+} (You found it on level 4 of the Dungeon)
  4825 | D:5      | Reached skill level 6 in Spellcasting
  4831 | D:5      | Learned a level 4 spell: Force Lance
  4902 | D:5      | Reached XP level 8. HP: 41/41 MP: 19/19
  5435 | D:6      | Reached skill level 1 in Translocations
  5686 | D:6      | Found a shimmering altar of Xom.
  5931 | D:6      | Noticed Edmund
  6038 | D:6      | Reached skill level 5 in Invocations
  6229 | D:6      | Reached skill level 1 in Evocations
  6738 | D:6      | Killed Edmund
  6803 | D:7      | Found a shadowy altar of Dithmenos.
  7188 | D:7      | Found a sacrificial altar of Ru.
  7322 | D:7      | Gained mutation: You have large cloven feet. [potion of mutation]
  7322 | D:7      | Gained mutation: Potions are less effective at restoring your health. [potion of mutation]
  7322 | D:7      | Lost mutation: You have large cloven feet. [potion of mutation]
  7322 | D:7      | Gained mutation: Your spells are a little harder to cast, but a little more powerful. [potion of mutation]
  7408 | D:7      | Reached XP level 9. HP: 38/45 MP: 1/20
  7856 | D:7      | Slain by a large slime creature

Vault maps used:
D:1:      lightli_arrival_chessboard
D:2:      first_ration
D:3:      nicolae_overflow_crystal_walls, minitemple, minmay_goblin_kobold_house
D:4:      minmay_temple_entry_butterflies
D:6:      corexii_shantytown, lemuel_crystal_altar, uniq_edmund
D:7:      cheibrodos_fertilizer, lemuel_crystal_altar,
          nicolae_ru_the_path_less_chosen, serial_glass, glass_columns_a,
          glass_columns_a
Temple:   kb_corrupted_temple

Skill      XL: |  1  2  3  4  5  6  7  8  9 |
---------------+----------------------------+-----
Stealth        | 3 4 5 |  5.2
Spellcasting   | 4 5 6 |  6.1
Conjurations   | 5 |  5.0
Hexes          | 2 3 4 5 |  5.0
Dodging        | 3 4 5 |  5.0
Invocations    | 2 4 5 |  5.0
Short Blades   | 1 4 |  4.9
Translocations | 4 |  4.9
Evocations     | 3 4 |  4.0

Action                   |  1- 3 |  4- 6 |  7- 9 || total
-------------------------+-------+-------+-------++-------
Melee: Short sword       |     6 |    16 |     1 ||    23
       Unarmed           |     1 |       |       ||     1
       Dagger            |       |       |    66 ||    66
Throw: Throwing net      |       |     1 |       ||     1
 Cast: Magic Dart        |    72 |    75 |   175 ||   322
       Searing Ray       |     2 |     5 |    15 ||    22
       Dazzling Spray    |       |       |    15 ||    15
Evoke: Wand              |       |       |     3 ||     3
  Use: Scroll            |     5 |     5 |     8 ||    18
       Potion            |       |     1 |     3 ||     4
 Stab: Sleeping          |     3 |    11 |    29 ||    43
  Eat: Chunk             |     3 |     6 |     5 ||    14
       Ration            |       |       |     2 ||     2
Armor: Robe              |     2 |    13 |    42 ||    57
Dodge: Dodged            |    14 |    38 |   112 ||   164

Table legend:
 A = Spawn XP
 B = Non-spawn XP
 C = Spawn XP percentage of total XP
 D = Spawn monster count
 E = Non-spawn monster count
 F = Spawn count percentage of total count
 G = Total turns spent on level
                    A         B        C        D         E        F      G
               +---------+---------+-------+---------+---------+-------+---------
         Total |       0 |    3345 |   0.0 |       0 |     174 |   0.0 |  7856
               +---------+---------+-------+---------+---------+-------+---------
           D:1 |       0 |      35 |   0.0 |       0 |      16 |   0.0 |  1176
           D:2 |       0 |      27 |   0.0 |       0 |      11 |   0.0 |   534
           D:3 |       0 |     165 |   0.0 |       0 |      32 |   0.0 |  1067
           D:4 |       0 |     694 |   0.0 |       0 |      29 |   0.0 |  1297
           D:5 |       0 |     559 |   0.0 |       0 |      22 |   0.0 |  1156
           D:6 |       0 |     953 |   0.0 |       0 |      41 |   0.0 |  1469
           D:7 |       0 |     912 |   0.0 |       0 |      23 |   0.0 |  1053
               +---------+---------+-------+---------+---------+-------+---------
